 Dungeon Crawl Stone Soup version 0.31-a0-496-g6f97920a28 (webtiles) character file.

Game seed: 370784013895724380

54 Ofeo the Changeling (level 3, -1/16 HPs)
             Began as a Felid Shapeshifter on Aug 8, 2023.
             Slain by an adder (4 damage)
             ... on level 2 of the Dungeon.
             The game lasted 00:01:25 (1378 turns).

Ofeo the Changeling (Felid Shapeshifter)            Turns: 1378, Time: 00:01:26

Health: -1/16      AC:  1    Str: 11    XL:     3   Next: 66%
Magic:  4/4        EV: 18    Int:  9    God:
Gold:   39         SH:  0    Dex: 18    Spells: 2/2 levels left
                                        Lives:  0   Deaths: 0

rFire   . .          .
                       - Unarmed
rCold   . . .        (shield unavailable)
rNeg    . . .        (body armour unavailable)
rPois   .            (helmet unavailable)
rElec   .            (cloak unavailable)
rCorr   .            (gloves unavailable)
SInv    +            (boots unavailable)
Will    .....        (no amulet)
Stlth   +            (no ring)
HPRegen 0.22/turn    (no ring)
MPRegen 0.09/turn

%: no passive effects
@: lethally poisoned (-1 -> -4), beast-form, silenced, quick
A: beast (slay +2), very small, claws 1, fangs 3, see invisible, speed 1, shaggy
fur 1, stealthy paws, no weapons or thrown items, no armour, multi-lived
a: Begin Untransformation


You were on level 2 of the Dungeon.
You were a hulking beast.
You visited 1 branch of the dungeon, and saw 2 of its levels.

You collected 39 gold pieces.

Inventory:

Jewellery
 f - a ring of fire
Talismans
 b - a beast talisman (active)
 c - a flux talisman
Potions
 a - a potion of lignification
 d - a potion of attraction
 e - a potion of heal wounds {unknown}
 g - a potion of curing {unknown}
 h - a potion of enlightenment {unknown}


   Skills:
 + Level 1.9 Fighting
 + Level 3.5 Dodging
 + Level 3.4 Unarmed Combat
 + Level 3.7 Shapeshifting


You had 2 spell levels left.
You didn't know any spells.
Your spell library was empty.

Dungeon Overview and Level Annotations

Branches:
Dungeon (2/15)

Altars:


Innate Abilities, Weirdness & Mutations

You are a hulking beast.
Your limbs bulge with bestial killing power. (Slay +2)
You have sharp claws.
You have razor-sharp teeth.
You have supernaturally acute eyesight. (SInv)
You cover ground quickly. (Speed+)
You are covered in fur. (AC +1)
Your paws help you pounce on unaware monsters.
You are incapable of wielding weapons or throwing items.
You cannot wear armour.
You gain extra lives every three experience levels.


Message History

i - a scroll labelled ORAELU GOBISK
Found a stone staircase leading down.
Found a stone staircase leading up.
No target in view!
As you read the scroll labelled ORAELU GOBISK, it crumbles to dust.
A profound silence engulfs you.
It was a scroll of silence.
An adder comes into view.
An adder is nearby!
An adder is nearby!
The adder bites you but does no damage.
You miss the adder. The adder closely misses you.
You miss the adder. The adder closely misses you. x2
You scratch the adder.
The adder is heavily wounded.
The adder misses you.
You miss the adder. Your claw misses the adder.
The adder is heavily wounded.
The adder bites you.
You are poisoned.
The adder poisons you!
You take 1 damage, and have 15/16 hp.
You closely miss the adder.
The adder is heavily wounded.
You feel sick. The adder bites you.
You take 6 damage, and have 9/16 hp.
MASSIVE DAMAGE!!
You are too injured to fight recklessly!
You are too injured to fight recklessly!
You are too injured to fight recklessly!
You are too injured to fight recklessly!
You are too injured to fight recklessly!
An adder is nearby!
An adder is nearby!
You feel sick. The adder attacks as you move away!
The adder closely misses you.
You feel sick.
You take 1 damage, and have 8/16 hp.
The adder attacks as you move away! The adder bites you.
* * * LOW HITPOINT WARNING * * *
x2 You feel sick.
The adder bites you.
You die...

##### ###########
.....#######..........#
......................#
......................#
......................#####
...........................
#...............#.....####.
#........Sh..##†#..........
#....######.#<#.......##...
#.. .######.#.###..........
. .......................
..................###..
.########.###.....# #).
#.......# ###+#.###..
.......## #....##.. .......
###...#..


You could see an adder.

Vanquished Creatures
  2 adders
  A worm (D:2)
  2 dart slugs (D:1)
  3 ball pythons (D:1)
  6 bats
  4 endoplasms
  A giant cockroach (D:1)
  2 kobolds (D:1)
  2 quokkas
  4 frilled lizards (D:1)
  2 goblins (D:2)
  A rat (D:1)
30 creatures vanquished.

Notes
Turn   | Place    | Note
-------+----------+-------------------------------------------
     0 | D:1      | Ofeo the Felid Shapeshifter began the quest for the Orb.
     0 | D:1      | Reached XP level 1. HP: 9/9 MP: 2/2
   173 | D:1      | Reached XP level 2. HP: 12/12 MP: 3/3
  1046 | D:1      | Reached XP level 3. HP: 16/16 MP: 4/4
  1378 | D:2      | Slain by an adder

Illustrated notes

Levels and vault maps discovered:
D:1:      dpeg_arrival_yet_another_circle, layout_loops_ring, item_on_display_a
D:2:      layout_basic

Skill      XL: |  1 |
---------------+----+-----
Dodging        | 3 |  3.5
Fighting       | |  1.9
Unarmed Combat | |  3.4
Shapeshifting  | |  3.7

Action                     || total
---------------------------++-------
  Melee: Unarmed           ||    57
         Bite              ||     6
         Punch             ||     1
    Use: Scroll            ||     4
   Stab: Sleeping          ||     3
 Armour: Skin              ||     3
  Dodge: Dodged            ||    43

Table legend: (Time is in decaauts)
 A = Elapsed time spent in this place.
 B = Non-inter-level travel time spent in this place.
 C = Inter-level travel time spent in this place.
 D = Time resting spent in this place.
 E = Time spent auto-exploring this place.
 F = Levels seen in this place.
 G = Mean time per level.
                   A        B        C        D        E       F      G
               +--------+--------+--------+--------+--------+-----+--------+
         Total |   1159 |   1155 |      4 |    100 |    870 |   2 |  579.5 |
       Dungeon |   1159 |   1155 |      4 |    100 |    870 |   2 |  579.5 |
               +--------+--------+--------+--------+--------+-----+--------+

Top non-repeatable levels by time:
     D:1: 957 daAuts
     D:2: 202 daAuts
